 Dungeon Crawl Stone Soup version 0.32-a0-361-g289a535e89 (webtiles) character file.

Game seed: 4735614289580481851

36 ytrimaz the Grave Robber (level 3, 24/24 HPs)
             Began as a Coglin Necromancer on Feb 18, 2024.
             Quit the game on level 1 of the Dungeon.
             The game lasted 00:01:21 (865 turns).

ytrimaz the Grave Robber (Coglin Necromancer)        Turns: 865, Time: 00:01:22

Health: 24/24      AC:  2    Str:  5    XL:     3   Next: 37%
Magic:  6/6        EV: 13    Int: 15    God:
Gold:   30         SH:  0    Dex: 18    Spells: 2/6 levels left

rFire   . . .        (no weapon)
rCold   . . .        (no shield)
rNeg    . . .        a - +0 robe
rPois   .            (no helmet)
rElec   .            (no cloak)
rCorr   .            (no gloves)
SInv    .            (no boots)
Will    .....        (no amulet)
Stlth   ++           (no ring)
HPRegen 0.24/turn    (no ring)
MPRegen 0.10/turn

%: no passive effects
@: no status effects
A: off-hand wielding, slow wielding, warmup strikes, warmup strides, agile 1,
weak 1
a: no special abilities


You were on level 1 of the Dungeon.
You visited 1 branch of the dungeon, and saw 1 of its levels.

You collected 30 gold pieces.


Innate Abilities, Weirdness & Mutations

You can wield a second weapon in your off-hand.
It takes a long time for you to wield or remove held weapons.
Your first few attacks do less damage.
Your first movements take longer.
You are agile. (Dex +4, Str/Int -1)
You are weak. (Str -2)


   Skills:
 + Level 2.4 Dodging
 - Level 1.5 Stealth
 + Level 2.3 Spellcasting
 + Level 4.3 Necromancy


You had 2 spell levels left.
You knew the following spells:

 Your Spells              Type           Power      Damage    Failure   Level
a - Necrotise             Necr           56%        1d6       3%          1
b - Vampiric Draining     Necr           14%        2d7       11%         3

Your spell library contained the following spells:

 Spells                   Type           Power      Damage    Failure   Level
 Animate Dead             Necr           14%        N/A       34%         4
 Curse of Agony           Necr           14%        N/A       69%         5

Inventory:

Armour
 a - a +0 robe (worn)
Scrolls
 d - a scroll of enchant armour {unknown}
Potions
 b - a potion of magic
 c - a potion of resistance {unknown}
 e - a potion of degeneration {unknown}

Dungeon Overview and Level Annotations

Branches:
Dungeon (1/15) Zot: 5088

Altars:

.... ...................# ......
...................#.
.............................
+##................#.........
..............###............
..............'.'............
..............###...........
..........#######...........
......... #.....@.....)#.##.#
......### #..........[.#....###
............................... #
#...............................+
.............##+##..............#
............. #...............
...#......K# ###'#...........
........>.. #.#...........
..##################.#.#..#######


You could see a kobold.


Message History

There is an open door here.
A goblin is nearby!
A goblin is nearby!
A goblin is nearby!
The goblin writhes in agony. 😎 MP[-1]
You lost 1 mp, and now have 5/6 mp.
The goblin writhes in agony.
You kill the goblin!
The dead are walking! 😎 MP[-1]
You lost 1 mp, and now have 4/6 mp.
The bat writhes in agony.
The bat hits you but does no damage. 😎 MP[-1]
You lost 1 mp, and now have 3/6 mp.
The bat misses you.
You see here a +0 club.
The bat closely misses you.
Your goblin skeleton closely misses the bat.
The bat writhes in agony.
You kill the bat!
The dead are flying! 😎 MP[-1]
You lost 1 mp, and now have 2/6 mp.
You can't see any susceptible monsters within range! (Use Z to cast anyway.)
There is an open door here. 😎 MP[+1]
Your goblin skeleton crumbles into dust!
Your bat skeleton crumbles into dust!
A dart slug comes into view.
A dart slug is nearby! 😎 MP[+3]
Your mp is fully restored (6).
A dart slug is nearby!
A dart slug is nearby!
You can't see any susceptible monsters within range! (Use Z to cast anyway.)
You miscast Necrotise.
You are very lightly contaminated with residual magic.
Nothing appears to happen. 😎 MP[-1]
You lost 1 mp, and now have 5/6 mp.
The dart slug writhes in agony.
The dart slug launches a dart at you.
The slug dart hits you but does no damage. 😎 MP[-1]
You lost 1 mp, and now have 4/6 mp.
Unknown command.
The dart slug writhes in agony.
The dart slug barely misses you. 😎 MP[-1]
You lost 1 mp, and now have 3/6 mp.
Unknown command.
Aiming: Necrotise (safe; 3% risk of failure)
Press: ? - help, Q - select action Shift-Dir - straight line, p - dart slug The dart slug writhes in agony.
You kill the dart slug!
Your magical contamination has completely faded away. 😎 MP[-1]
You lost 1 mp, and now have 2/6 mp.
You see here a dart slug corpse.
Unknown command. 😎 MP[+1] Key pressed, stopping explore.
Key pressed, stopping explore.
You open the door.
A kobold comes into view. It is wielding a +0 club.
There is an open door here. 😎 MP[+3]
Your mp is fully restored (6).
The kobold shouts!
The kobold writhes in agony.
The kobold throws a stone.
The stone closely misses you. 😎 MP[-1]
You lost 1 mp, and now have 5/6 mp.
The kobold throws a stone.
The stone barely misses you.
The kobold writhes in agony.
The kobold throws a stone.
The stone closely misses you. 😎 MP[-1]
You lost 1 mp, and now have 4/6 mp.
The kobold writhes in agony.
You kill the kobold!
The dead are walking! 😎 MP[-1]
You lost 1 mp, and now have 3/6 mp.
You can't see any susceptible monsters within range! (Use Z to cast anyway.)
You can't see any susceptible monsters within range! (Use Z to cast anyway.)
Your kobold skeleton crumbles into dust!
You see here a scarf of invisibility. 😎 MP[+3]
Your mp is fully restored (6).
e - a blue potion You open the door.
There is an open door here.
You open the door.
There is an open door here.
There is an open door here.
A kobold comes into view. It is wielding a +0 short sword.
The kobold shouts!
A kobold is nearby!
A kobold is nearby!
Are you sure you want to abandon this character and quit the game? (Confirm with "yes".)

Skill      XL: |  1 |
---------------+----+-----
Dodging        | 2 |  2.4
Spellcasting   | 2 |  2.3
Stealth        | |  1.5
Necromancy     | |  4.3

Action                     || total
---------------------------++-------
  Melee: Unarmed           ||    43
   Cast: Necrotise         ||    34
    Use: Potion            ||     1
 Armour: Robe              ||    47
  Dodge: Dodged            ||    42

Levels and vault maps discovered:
D:1:      dpeg_arrival_prison, layout_basic, minmay_small_reverse_x

Notes
Turn   | Place    | Note
-------+----------+-------------------------------------------
     0 | D:1      | ytrimaz the Coglin Necromancer began the quest for the Orb.
     0 | D:1      | Reached XP level 1. HP: 13/13 MP: 3/3
     0 | D:1      | magus.rc [v1.9.6]
    68 | D:1      | Reached skill level 2 in Dodging
   134 | D:1      | Reached skill level 2 in Spellcasting
   134 | D:1      | Reached XP level 2. HP: 18/19 MP: 0/5
   325 | D:1      | HP: 2/19 [quokka (3)]
   328 | D:1      | Gained mutation: You are weak. (Str -2) [potion of
                  | mutation]
   328 | D:1      | Gained mutation: You are agile. (Dex +4, Str/Int -1)
                  | [potion of mutation]
   433 | D:1      | Reached XP level 3. HP: 24/24 MP: 4/6
   437 | D:1      | Learned a level 3 spell: Vampiric Draining
   865 | D:1      | Quit the game

Vanquished Creatures
  A dart slug (D:1)
  A bat (D:1)
  2 giant cockroaches (D:1)
  2 goblins (D:1)
  A hobgoblin (D:1)
  A kobold (D:1)
  A quokka (D:1)
  A ball python (D:1)
  A frilled lizard (D:1)
  5 rats (D:1)
16 creatures vanquished.

Vanquished Creatures (collateral kills)
  A bat (D:1)
  An endoplasm (D:1)
  A quokka (D:1)
3 creatures vanquished.

Grand Total: 19 creatures vanquished

Table legend:
 A = Non-vault XP
 B = Vault XP
 C = Vault XP percentage of total XP
 D = Non-vault monster count
 E = Vault monster count
 F = Vault count percentage of total count
                 A         B        C        D         E       F
            +---------+---------+-------+---------+---------+-------
      Total |      29 |      23 |  44.2 |      10 |       9 |  47.4
            +---------+---------+-------+---------+---------+-------
        D:1 |      29 |      23 |  44.2 |      10 |       9 |  47.4
            +---------+---------+-------+---------+---------+-------

Skill      XL: |  1 |
---------------+----+-----
Dodging        | 2 |  2.4
Spellcasting   | 2 |  2.3
Stealth        | |  1.5
Necromancy     | |  4.3

Action                     || total
---------------------------++-------
  Melee: Unarmed           ||    43
   Cast: Necrotise         ||    34
    Use: Potion            ||     1
 Armour: Robe              ||    47
  Dodge: Dodged            ||    42

Illustrated notes

Table legend:
 A = Kills in this place as a percentage of kills in the entire game.
 B = Kills by you in this place as a percentage of kills by you in the entire game.
 C = Kills by friends in this place as a percentage of kills by friends in the entire game.
 D = Other kills in this place as a percentage of other kills in the entire game.
 E = Experience gained in this place as a percentage of experience gained in the entire game.
 F = Experience gained in this place divided by the number of levels of this place that you have seen.
                   A       B       C       D       E      F
               +-------+-------+-------+-------+-------+----------------------
         Total | 100.0 | 100.0 | 100.0 |   N/A | 100.0 |  52.0
       Dungeon | 100.0 | 100.0 | 100.0 |   N/A | 100.0 |  52.0
               +-------+-------+-------+-------+-------+----------------------

Table legend: (Time is in decaauts)
 A = Elapsed time spent in this place.
 B = Non-inter-level travel time spent in this place.
 C = Inter-level travel time spent in this place.
 D = Time resting spent in this place.
 E = Time spent auto-exploring this place.
 F = Levels seen in this place.
 G = Mean time per level.
                   A        B        C        D        E       F      G
               +--------+--------+--------+--------+--------+-----+--------+
         Total |    912 |    912 |      0 |      0 |    742 |   1 |  912.0 |
       Dungeon |    912 |    912 |      0 |      0 |    742 |   1 |  912.0 |
               +--------+--------+--------+--------+--------+-----+--------+

Top non-repeatable levels by time:
     D:1: 912 daAuts
